 Dungeon Crawl Stone Soup version 0.27-a0-1136-g0b992a5a9d (webtiles) character file.

Game seed: 3775937657263842892

182 BigRedEye the Slasher (level 5, 0/45 HPs)
             Began as a Minotaur Fighter on May 5, 2021.
             Killed by divine providence
             ... invoked by an orc priest
              (8 damage)
             ... on level 3 of the Dungeon.
             The game lasted 00:07:02 (3044 turns).

BigRedEye the Slasher (Minotaur Fighter)            Turns: 3044, Time: 00:07:02

Health: 0/45       AC:  9    Str: 21    XL:     5   Next: 34%
Magic:  4/4        EV:  7    Int:  5    God:
Gold:   192        SH:  0    Dex: 10    Spells: 4/4 levels left

rFire    . . .     SeeInvis .   a - +0 long sword
rCold    . . .     Faith    .   (no shield)
rNeg     . . .     Spirit   .   k - +0 chain mail
rPois    .         Reflect  .   (helmet restricted)
rElec    .         Harm     .   (no cloak)
rCorr    .         Rampage  .   (no gloves)
Will     .....                  (no boots)
Stlth    ..........             i - amulet of regeneration
HPRegen  1.15/turn              (no ring)
MPRegen  0.09/turn              (no ring)

@: no status effects
A: horns 2, retaliatory headbutt
a: no special abilities


You were on level 3 of the Dungeon.
You visited 1 branch of the dungeon, and saw 4 of its levels.

You collected 192 gold pieces.

Inventory:

Hand Weapons
 a - a +0 long sword (weapon)
Armour
 b - a +0 scale mail
 c - a +0 kite shield
 k - a +0 chain mail (worn)
Jewellery
 i - an amulet of regeneration (around neck)
 j - an amulet of guardian spirit
Scrolls
 e - a scroll of fog {unknown}
 g - a scroll of fear {unknown}
 l - a scroll of identify {unknown}
 n - a scroll of noise {unknown}
 o - a scroll of enchant weapon {unknown}
Potions
 d - a potion of might
 f - 3 potions of curing
 h - a potion of degeneration {unknown}
 m - a potion of cancellation {unknown}


   Skills:
 - Level 3.6 Fighting
 + Level 6.8 Long Blades
 - Level 3.6 Armour
 - Level 3.6 Shields


You had 4 spell levels left.
You didn't know any spells.
Your spell library contained the following spells:

 Spells                   Type           Power      Damage    Failure   Level
 Summon Small Mammal      Summ           0%         N/A       99%         1
 Call Imp                 Summ           0%         N/A       100%        2
 Call Canine Familiar     Summ           0%         N/A       100%        3
 Confusing Touch          Hex            0%         N/A       100%        3
 Gell's Gravitas          Tloc           0%         N/A       100%        3
 Summon Guardian Golem    Hex/Summ       0%         N/A       100%        3
 Petrify                  Tmut/Erth      0%         N/A       100%        4
 Summon Ice Beast         Ice/Summ       0%         N/A       100%        4
 Summon Lightning Spire   Summ/Air       0%         N/A       100%        4
 Metabolic Englaciation   Hex/Ice        0%         N/A       100%        5
 Yara's Violent Unravell  Hex/Tmut       0%         3d3       100%        5


Dungeon Overview and Level Annotations

Branches:
Dungeon (4/15)
 Temple: D:4-7

Altars:
Hepliaklqana


Innate Abilities, Weirdness & Mutations

You have a pair of horns on your head.
You reflexively headbutt those who attack you in melee.


Message History

You hit the orc priest but do no damage.
You headbutt the orc priest, but do no damage.
The orc priest hits you but does no damage.
Your chain mail prevents you from hitting the orc priest.
The orc priest closely misses you. The orc wizard casts a spell at you.
The puff of flame hits you!
You hit the orc priest.
The orc priest is moderately wounded.
The orc priest hits you but does no damage.
You hit the orc priest but do no damage.
Your headbutt misses the orc priest.
The orc priest is moderately wounded.
The orc priest mumbles some strange prayers to Beogh against you.
Beogh smites you!
You hit the orc priest but do no damage.
Your headbutt misses the orc priest.
The orc priest is moderately wounded.
The orc priest hits you with a +1 dagger of protection.
You hit the orc priest but do no damage.
You headbutt the orc priest, but do no damage.
The orc priest is moderately wounded.
The orc priest mumbles some strange prayers to Beogh against you.
Beogh smites you!
The orc priest hits you with a +1 dagger of protection.
You climb upwards.
There is a stone staircase leading down here.
You hit the orc priest but do no damage.
You headbutt the orc priest.
The orc priest is heavily wounded.
The orc priest invokes the aid of Beogh against you.
Pain shoots through your body!
* * * LOW HITPOINT WARNING * * *
The orc priest hits you but does no damage.
Your chain mail prevents you from hitting the orc priest.
Your headbutt misses the orc priest.
The orc priest is heavily wounded.
The orc priest mumbles some strange prayers to Beogh against you.
Beogh smites you!
You die...

###.###.######....# #.# #.##
##....).....# #.#
##.###.#.######.## #.#
##.#.##.# #.# #.######
##.###.# #.# #...[..# ###
#.# #.# ######(# #.# #.# #.#
#.# #o# #.##### #.# #@#
#...... #.######)# ###....
##........# #.###
#####...####### #########.#
#......).....## #......>..#
#.###...###)#.####.#######.#
#.# ##.###.###.....## #.#
#.# #......#.......# #.# #.#
#.####..######.# #.#


You could see an orc priest.

Vanquished Creatures
  An iguana (D:4)
  A hound skeleton (D:4)
  4 adders
  3 gnolls
  An ufetubus (D:4)
  2 dart slugs
  3 orcs (D:3)
  4 ball pythons
  9 endoplasms
  5 giant cockroaches
  2 goblins
  5 hobgoblins
  7 jackals (D:1)
  4 kobolds
  2 quokkas (D:1)
  2 bats
  2 frilled lizards (D:1)
  5 rats
62 creatures vanquished.

Vanquished Creatures (others)
  An orc wizard (D:4)
1 creature vanquished.

Grand Total: 63 creatures vanquished

Notes
Turn   | Place    | Note
-------+----------+-------------------------------------------
     0 | D:1      | BigRedEye the Minotaur Fighter began the quest for the Orb.
     0 | D:1      | Reached XP level 1. HP: 19/19 MP: 0/0
   192 | D:1      | Reached skill level 3 in Long Blades
   203 | D:1      | Reached XP level 2. HP: 11/26 MP: 1/1
   670 | D:1      | Reached skill level 4 in Long Blades
  1220 | D:1      | Reached XP level 3. HP: 31/31 MP: 2/2
  1391 | D:2      | Found a hazy altar of Hepliaklqana.
  1880 | D:3      | Reached skill level 5 in Long Blades
  1898 | D:3      | Reached XP level 4. HP: 39/39 MP: 3/3
  2135 | D:3      | Found a faded altar of an unknown god.
  2604 | D:4      | Reached skill level 6 in Long Blades
  2766 | D:4      | Reached XP level 5. HP: 45/45 MP: 4/4
  2807 | D:4      | Noticed a phantom
  3044 | D:3      | Killed from afar by an orc priest

Illustrated notes

Levels and vault maps discovered:
D:1:      erik_arrival_orb_chamber, layout_basic, dk_noncrumbling_4,
          minmay_stone_trees_small
D:2:      layout_basic, basic_altar
D:3:      layout_loops_ring, shapermc_ecumenical_altar_hornbeckon
D:4:      layout_basic

Skill      XL: |  1  2  3  4 |
---------------+-------------+-----
Long Blades    | 3 4 5 6 |  6.8
Fighting       | |  3.6
Armour         | |  3.6
Shields        | |  3.6

Action                   |  1- 3 |  4- 6 || total
-------------------------+-------+-------++-------
Melee: Long sword        |    87 |    53 ||   140
       Headbutt          |    12 |    11 ||    23
  Use: Scroll            |       |     2 ||     2
       Potion            |       |     2 ||     2
Armor: Scale mail        |    42 |       ||    42
       Chain mail        |       |    40 ||    40
Dodge: Dodged            |    38 |    31 ||    69
       Rpst.: Long sword |    16 |     8 ||    24

Table legend: (Time is in decaauts)
 A = Elapsed time spent in this place.
 B = Non-inter-level travel time spent in this place.
 C = Inter-level travel time spent in this place.
 D = Time resting spent in this place.
 E = Time spent auto-exploring this place.
 F = Levels seen in this place.
 G = Mean time per level.
                   A        B        C        D        E       F      G
               +--------+--------+--------+--------+--------+-----+--------+
         Total |   3073 |   3006 |     67 |    610 |   1871 |   4 |  768.2 |
       Dungeon |   3073 |   3006 |     67 |    610 |   1871 |   4 |  768.2 |
               +--------+--------+--------+--------+--------+-----+--------+

Top non-repeatable levels by time:
     D:1: 1370 daAuts
     D:3: 913 daAuts
     D:2: 448 daAuts
     D:4: 341 daAuts
